 BcadrenCrawl: Boulder Brew version 0.03.3.1 (webtiles) character file.

Game seed: 17741411710774231842, levelgen mode: deterministic

118 Chiseanne the Unbeliever (level 5, 0/44 HPs) Hill Orc Demonspawn. Began on Mar 12, 2021. Slain by a sewer rat (3 damage) ... on level 1 of the Dungeon. The game lasted 00:03:00 (1088 turns).

Chiseanne the Unbeliever (Hill Orc Demonspawn)      Turns: 1088, Time: 00:03:01

Health: 0/44       AC:  0    Str: 17    XL:     5 ^: 150
Magic:  7/7        EV:  9    Int: 12    God:
Gold:   86         SH:  8    Dex: 11    Spells: 5/6 levels left

rFire    . . .     Vision   .   a - +0 war axe
rCold    . . .     Gourm    .   f - +2 heater shield {reflect}
rNeg     . . .     Faith    .   n - +0 ring mail
rPois    .         Spirit   .   (no helmet)
rElec    .         Reflect  +   (no cloak)
rCorr    .         Harm     .   (no gloves)
MR       .....                  (no boots)
Stlth    +++.......             (no amulet)
HPRegen  0.24/turn              (no ring)
MPRegen  0.17/turn              (no ring)

@: corroded, sanguine armour
A: nightstalker 2, sanguine armour 1
a: no special abilities


You were on level 1 of the Dungeon.
You were not hungry.

You visited 1 branch of the dungeon, and saw 2 of its levels.

You collected 86 gold pieces.

Inventory:

Weapons
 a - a +0 war axe (weapon) Shields
 f - a +2 heater shield of reflection (shield)
Armour
 n - a +0 ring mail (worn)
Jewellery
 i - an uncursed ring of protection
Scrolls
 e - a scroll of amnesia
 g - 2 scrolls of teleportation
 k - a scroll of magic mapping
 l - a scroll of fog
Potions
 h - a potion of lignification
 j - a potion of might
Miscellaneous
 c - a lightning rod (4/4)
Comestibles
 d - 2 rations


   Skills:
 * Level 2.8 Fighting
 + Level 3.3 Axes & Hammers
 * Level 0.6 Armour
 - Level 3.0 Dodging
 - Level 1.5 Stealth
 * Level 2.1 Shields
 - Level 1.0 Spellcasting
 - Level 2.1 Fire Magic
   Level 3.6 Invocations


You had 5 spell levels left.
You knew the following spells:

 Your Spells              Type           Power        Failure   Level  Hunger
a - Flame Tongue          Fire           5 (30)       65%         1    ##.....

Your spell library contained the following spells:

 Spells                   Type           Power        Failure   Level  Hunger
 Conjure Flame            Fire           5 (100)      95%         3    ####...
 Blink                    Tloc           N/A          97%         2    ###....
 Call Imp                 Summ           0 (100)      97%         2    ###....
 Slow                     Hex            0 (100)      97%         2    ###....
 Mephitic Cloud           Pois/Air       0 (100)      100%        3    ####...


Dungeon Overview and Level Annotations

Branches:
Dungeon (2/8)

Altars:


Innate Abilities, Weirdness & Mutations

You are significantly more attuned to the shadows.
When seriously injured, your bleeding wounds create armour. (AC +6)


Message History

You closely miss the sewer rat. You hit the sewer rat but do no damage.
The sewer rat barely misses you (0). You block the sewer rat's attack.
You hit the sewer rat but do no damage. You closely miss the sewer rat.
The sewer rat barely misses you (0). The sewer rat bites you (5).
You block the sewer rat's attack.
You hit the sewer rat (3). You closely miss the sewer rat.
The sewer rat bites you (6). The sewer rat barely misses you (0). x2
The sewer rat bites you (3).
You hit the sewer rat (2). You closely miss the sewer rat.
The sewer rat bites you (3). The sewer rat barely misses you (0).
You hit the sewer rat but do no damage. You hit the sewer rat (1).
You block the sewer rat's attack. The sewer rat bites you (5).
* * * LOW HITPOINT WARNING * * *
You hit the sewer rat (2). You hit the sewer rat but do no damage.
The sewer rat bites you (3).
* * * LOW HITPOINT WARNING * * *
The sewer rat barely misses you (0). The sewer rat bites you (4).
* * * LOW HITPOINT WARNING * * *
The sewer rat bites you (3).
You die...

##.#####†###...########.......###
#................#....'..........
##.......#.#...#.#.####.......#..
######..#.#.............######..
#..#.#...#.#.####..# #..
#..#.##.##.#≈####..######..
#..#.#.....≈>≈.............
#..#.##.#.r.≈####..######..
#..#.##.#.@r.# #..# #..
#..#.##.#....# #..# ######
#..#.##.#....# #..# #.....
#..#.##.#....####..# #.....
#..#.##.#..........###.....
#..#.......................
#..########.#####..........
#..#......#.##.............
#..#......#.##........#####


You could see 2 sewer rats.

Vanquished Creatures
  A jelly (D:2)
  2 giant cockroaches (D:1)
  A gnoll (D:1)
  An ooze (D:1)
  5 dart slugs (D:1)
  2 leopard geckos (D:1)
  A ball python (D:1)
  5 bats (D:1)
  3 goblins (D:1)
  6 hobgoblins (D:1)
  5 kobolds (D:1)
  7 rats (D:1)
  A withered plant (D:2)
40 creatures vanquished.

Vanquished Creatures (others)
  3 withered plants (D:2)
3 creatures vanquished.

Grand Total: 43 creatures vanquished

Notes
Turn   | Place    | Note
-------+----------+-------------------------------------------
     0 | D:1      | Chiseanne the Hill Orc Demonspawn began the quest for the
                  | Orb.
     0 | D:1      | Reached XP level 1. HP: 16/16 MP: 3/3
   117 | D:1      | Identified the cursed ring of Polytheism {*Drain +Blink
                  | MP+9 Int+3, (Curse: Fragile rC-)}
   122 | D:1      | Gained mutation: You are slightly more attuned to the
                  | shadows. [demonic ancestry]
   122 | D:1      | Reached XP level 2. HP: 4/24 MP: 4/4
   123 | D:1      | HP: 1/24 [leopard gecko (3)]
   124 | D:1      | Reached skill level 1 in Shields
   300 | D:1      | Gained mutation: When seriously injured, your bleeding
                  | wounds create armour. (AC +6) [demonic ancestry]
   300 | D:1      | Reached XP level 3. HP: 29/29 MP: 5/5
   490 | D:1      | Reached XP level 4. HP: 37/37 MP: 6/6
  1070 | D:2      | Gained mutation: You are significantly more attuned to the
                  | shadows. [demonic ancestry]
  1070 | D:2      | Reached XP level 5. HP: 26/44 MP: 7/7
  1088 | D:1      | Slain by a sewer rat

Levels and vault maps discovered:
D:1:      enne_arrival_octagon_isle, layout_basic, minmay_misc_feat_five
D:2:      layout_sewer, tso_metal_star, lemuel_coloured_pillars_altar

Skill      XL: |  1  2  3  4 |
---------------+-------------+-----
Shields        | 1 2 |  2.1
Fighting       | 2 |  2.8
Axes & Hammers | 3 |  3.3
Dodging        | 3 |  3.0
Armour         | |  0.6
Stealth        | |  1.5
Spellcasting   | |  1.0
Fire Magic     | |  2.1
Invocations    | |  3.6

Action                   |  1- 3 |  4- 6 || total
-------------------------+-------+-------++-------
Melee: War axe           |    35 |    31 ||    66
 Stab: Sleeping          |     3 |     7 ||    10
       Distracted        |     1 |       ||     1
  Eat: Chunk             |       |     1 ||     1
Armor: Leather armour    |     8 |     4 ||    12
Dodge: Dodged            |    18 |    19 ||    37
Block: Heater shield     |    10 |    16 ||    26
